 Dungeon Crawl Stone Soup version 0.31-a0-200-gbc41564c69 (webtiles) character file.

Game seed: 5047539213553818412

3096 qw the Skirmisher (level 9, 0/52 HPs)
             Began as a Deep Elf Hunter on June 25, 2023.
             Was a Believer of Okawaru.
             Shot with an arrow by a centaur warrior (15 damage)
             ... on level 8 of the Dungeon.
             The game lasted 00:02:48 (6052 turns).

qw the Skirmisher (Deep Elf Hunter)                 Turns: 6052, Time: 00:02:49

Health: 0/52       AC:  9    Str: 12    XL:     9   Next: 59%
Magic:  13/14      EV: 25    Int: 12    God:    Okawaru [**....]
Gold:   258        SH:  0    Dex: 25    Spells: 8/8 levels left

rFire   x . .        d - +1 shortbow (drain)
rCold   . . .        (shield currently unavailable)
rNeg    . . .        m - +1 ring mail
rPois   +            p - +0 helmet
rElec   +            j - +0 cloak
rCorr   .            (no gloves)
SInv    .            (no boots)
Will    .....        (no amulet)
Stlth   +++          e - ring "Licimif" {rElec rF- EV+5 Int-3 Dex+7}
HPRegen 0.28/turn    k - ring of poison resistance
MPRegen 0.14/turn

%: no passive effects
@: heroic
A: no striking features
a: Renounce Religion, Heroism


You were on level 8 of the Dungeon.
You worshipped Okawaru.
Okawaru was pleased with you.
You visited 2 branches of the dungeon, and saw 9 of its levels.

You collected 258 gold pieces.


   Skills:
 - Level 4.5(9.5) Fighting
 - Level 14.0(19.0) Ranged Weapons
 + Level 1.2(6.2) Armour
 - Level 7.1(12.1) Dodging
 - Level 1.2(6.2) Stealth
 - Level 4.1 Invocations


You had 8 spell levels left.
You didn't know any spells.
Your spell library was empty.

Inventory:

Hand Weapons
 d - a +1 shortbow of draining (weapon)
Armour
 j - a +0 cloak (worn)
 m - a +1 ring mail (worn)
 p - a +0 helmet (worn)
Jewellery
 a - a +6 ring of strength
 c - a ring of ice
 e - the ring "Licimif" (left hand) {rElec rF- EV+5 Int-3 Dex+7}
   (You found it on level 5 of the Dungeon)

   [ring of evasion]

   EV:        It affects your evasion (+5).
   Int:       It affects your intelligence (-3).
   Dex:       It affects your dexterity (+7).
   rF:        It makes you vulnerable to fire.
   rElec:     It insulates you from electricity.
 h - a ring of willpower
 k - a ring of poison resistance (right hand)
Scrolls
 b - a scroll of identify
 i - 2 scrolls of teleportation
Potions
 f - a potion of mutation
 g - a potion of magic {unknown}
 l - a potion of berserk rage {unknown}
 o - a potion of enlightenment

Dungeon Overview and Level Annotations

Branches:
Dungeon (8/15)             Temple (1/1) D:5
   Lair: D:8-11

Altars:
Dithmenos
Elyvilon
Fedhas
Hepliaklqana
Kikubaaqudgha
Makhleb
Nemelex Xobeh
Okawaru
Qazlal
Ru
Sif Muna
Trog
Uskayaw
Vehumet
Wu Jian
Xom
Yredelemnul
Zin
The Shining One

Annotations:
D:4 1 runed translucent door
D:6 Maggie


Message History

You shoot an arrow. The arrow hits the gargoyle.
The gargoyle is heavily damaged.
The gargoyle hits you with a +0 morningstar.
6043 ||| INVOKING Heroism.
You gain the combat prowess of a mighty hero.
The gargoyle completely misses you.
You shoot an arrow.
The arrow hits the gargoyle but does no damage.
The gargoyle is heavily damaged.
The gargoyle completely misses you.
You shoot an arrow.
The arrow hits the gargoyle but does no damage.
The gargoyle is heavily damaged.
The gargoyle hurls a stone arrow at you.
The stone arrow misses you.
You shoot an arrow. The arrow hits the gargoyle!
The gargoyle is almost destroyed.
You shoot an arrow. The arrow hits the gargoyle.
You destroy the gargoyle!
Okawaru is honoured by your kill.
The centaur warrior shoots an arrow.
The arrow misses you.
The centaur warrior shoots an arrow.
The arrow barely misses you.
Your base Fighting skill increases to level 4!
You shoot an arrow. The arrow hits the centaur warrior.
You drain the centaur warrior.
The centaur warrior is heavily wounded.
The centaur warrior shoots an arrow.
The arrow hits you!
You shoot an arrow. The arrow hits the centaur warrior!
You drain the centaur warrior.
The centaur warrior is severely wounded.
The centaur warrior shoots an arrow.
The arrow closely misses you.
You shoot an arrow. The arrow hits the centaur warrior.
The centaur warrior is almost dead.
The centaur warrior shoots an arrow.
The arrow hits you!
You shoot an arrow.
The arrow hits the centaur warrior but does no damage.
The centaur warrior is almost dead.
You start resting.
The centaur warrior shoots an arrow.
The arrow hits you!
You die...

### ###.#
###...#
###....(#
###......@#
#<........).c.+
###.......#...#
###.....#...#
###...# ..#
###.# ..# ###
># ##


You could see a centaur warrior (drained).

Vanquished Creatures
  A gargoyle (D:8)
  An unseen horror zombie (D:7)
  2 ice beasts
  A hornet zombie (D:7)
  A black bear (D:5)
  4 ogres
  2 centaurs
  A phantom (D:6)
  A kobold brigand (D:7)
  Blork the orc (D:5)
  4 bullfrogs
  A gnoll sergeant (D:6)
  4 wights
  2 lava snakes (D:7)
  2 orc priests
  A gnoll bouda (D:6)
  7 hounds
  4 iguanas
  5 orc wizards
  A killer bee zombie (D:7)
  7 adders
  12 gnolls (D:6)
  A white imp (D:5)
  A worm (D:3)
  A dart slug (D:1)
  29 orcs
  2 endoplasms (D:1)
  3 giant cockroaches
  9 goblins
  5 hobgoblins
  2 jackals (D:1)
  14 kobolds
  3 quokkas
  8 ball pythons
  6 bats
  2 frilled lizards (D:2)
  A goblin skeleton (D:4)
  6 rats
158 creatures vanquished.

Notes
Turn   | Place    | Note
-------+----------+-------------------------------------------
     0 | D:1      | qw the Deep Elf Hunter began the quest for the Orb.
     0 | D:1      | Reached XP level 1. HP: 12/12 MP: 3/3
     0 | D:1      | 0 ||| qw: Version: 0.3-a-22-g0ed2b0b
     0 | D:1      | 0 ||| qw: Game counter: 5538
     0 | D:1      | 0 ||| qw: Melee chars always use a shield: true
     0 | D:1      | 0 ||| qw: God list: Okawaru
     0 | D:1      | 0 ||| qw: Allow faded altars: false
     0 | D:1      | 0 ||| qw: Do Orc after clearing Dungeon:15 true
     0 | D:1      | 0 ||| qw: Do second Lair branch before Depths: true
     0 | D:1      | 0 ||| qw: Lair rune preference: random
     0 | D:1      | 0 ||| qw: Goals: Normal
     0 | D:1      | 0 ||| PLANNING D:1-11
   219 | D:1      | Reached XP level 2. HP: 16/16 MP: 4/4
   246 | D:1      | Reached skill level 6 in Ranged Weapons
   572 | D:1      | Reached XP level 3. HP: 20/20 MP: 5/5
   702 | D:1      | 702 ||| UPGRADING to ring of poison resistance.
   703 | D:1      | 703 ||| READING scroll labelled VUNGUTHREEL.
   804 | D:1      | 804 ||| READING scroll labelled TOITAF GINICW.
   805 | D:1      | 805 ||| READING 2 scrolls labelled GES YCKEUCZI.
   806 | D:1      | 806 ||| READING scroll labelled TIMUMOQOIS.
   807 | D:1      | 807 ||| DROPPING scroll of butterflies.
   808 | D:1      | 808 ||| DROPPING scroll of revelation.
   945 | D:2      | Reached skill level 7 in Ranged Weapons
  1337 | D:2      | 1337 ||| UPGRADING to +0 ring mail.
  1347 | D:2      | 1347 ||| DROPPING +0 leather armour.
  1348 | D:2      | 1348 ||| UPGRADING to +6 ring of strength.
  1349 | D:2      | 1349 ||| UPGRADING to ring of willpower.
  1351 | D:2      | 1351 ||| READING 2 scrolls labelled BOS QEIRUAVAOHAC.
  1352 | D:2      | 1352 ||| READING scroll labelled TONOSS YNGOAS.
  1353 | D:2      | 1353 ||| READING scroll labelled WUTUKEISOMI.
  1358 | D:2      | 1358 ||| READING scroll labelled RIYGUM EFEILAY.
  1359 | D:2      | 1359 ||| READING scroll labelled FAAMEL MICAPSO.
  1547 | D:3      | Reached XP level 4. HP: 12/25 MP: 6/6
  1975 | D:3      | 1975 ||| DRINKING 2 ruby potions.
  1976 | D:3      | 1976 ||| DRINKING 2 viscous golden potions.
  1977 | D:3      | 1977 ||| DROPPING potion of attraction.
  2009 | D:4      | Reached skill level 8 in Ranged Weapons
  2026 | D:4      | 2026 ||| FLEEEEING.
  2027 | D:4      | 2027 ||| FLEEEEING.
  2028 | D:4      | 2028 ||| STAIRDANCE
  2062 | D:4      | Reached XP level 5. HP: 29/29 MP: 7/7
  2067 | D:4      | 2067 ||| STAIRDANCE
  2098 | D:4      | Noticed a human
  2100 | D:4      | Found a runed translucent door.
  2149 | D:4      | HP: 4/29 [iguana (6)]
  2459 | D:4      | Found a basalt altar of Yredelemnul.
  2574 | D:5      | Entered Level 5 of the Dungeon
  2574 | D:5      | Found a staircase to the Ecumenical Temple.
  2575 | D:5      | 2575 ||| PLANNING TEMPLE
  2575 | D:5      | 2575 ||| STAIRDANCE
  2579 | D:5      | 2579 ||| STAIRDANCE
  2583 | D:5      | 2583 ||| STAIRDANCE
  2593 | D:4      | Reached skill level 9 in Ranged Weapons
  2623 | Temple   | Entered the Ecumenical Temple
  2664 | Temple   | 2664 ||| PLANNING OKAWARU WORSHIP
  2808 | Temple   | Became a worshipper of Warmaster Okawaru
  2809 | Temple   | 2809 ||| PLANNING D:1-11
  2876 | D:5      | Reached XP level 6. HP: 13/35 MP: 8/8
  2986 | D:5      | Noticed Blork the orc
  2996 | D:5      | Killed Blork the orc
  3153 | D:5      | 3153 ||| READING scroll of enchant armour.
  3153 | D:5      | 3153 ||| ENCHANTING +0 ring mail.
  3177 | D:5      | Reached skill level 10 in Ranged Weapons
  3218 | D:5      | Found a white marble altar of Elyvilon.
  3285 | D:5      | Reached skill level 3 in Dodging
  3515 | D:5      | Reached XP level 7. HP: 38/40 MP: 9/9
  3537 | D:5      | Noticed an Executioner
  3538 | D:5      | Found a burning altar of Makhleb.
  3545 | D:5      | Found a glowing silver altar of Zin.
  3545 | D:5      | Noticed an angel
  3612 | D:5      | Reached * piety under Okawaru
  3613 | D:5      | Reached skill level 11 in Ranged Weapons
  3613 | D:5      | 3613 ||| FLEEEEING.
  3614 | D:5      | 3614 ||| FLEEEEING.
  3615 | D:5      | 3615 ||| FLEEEEING.
  3616 | D:5      | 3616 ||| FLEEEEING.
  3617 | D:5      | 3617 ||| FLEEEEING.
  3618 | D:5      | 3618 ||| FLEEEEING.
  3619 | D:5      | 3619 ||| FLEEEEING.
  3620 | D:5      | 3620 ||| FLEEEEING.
  3623 | D:5      | 3623 ||| FLEEEEING.
  3624 | D:5      | 3624 ||| STAIRDANCE
  3677 | D:4      | 3677 ||| READING 4 scrolls of identify.
  3677 | D:4      | 3677 ||| IDENTIFYING fizzy red potion
  3678 | D:4      | 3678 ||| READING 3 scrolls of identify.
  3678 | D:4      | 3678 ||| IDENTIFYING viscous silvery potion
  3679 | D:4      | 3679 ||| READING 2 scrolls of identify.
  3679 | D:4      | 3679 ||| IDENTIFYING metallic black potion
  3680 | D:4      | 3680 ||| DROPPING potion of degeneration.
  3681 | D:4      | 3681 ||| DROPPING potion of invisibility.
  3684 | D:5      | 3684 ||| INVOKING Heroism.
  3689 | D:5      | Reached skill level 1 in Invocations
  3693 | D:5      | 3693 ||| STAIRDANCE
  3695 | D:4      | 3695 ||| INVOKING Heroism.
  3933 | D:5      | Identified the ring "Licimif" {rElec rF- EV+5 Int-3 Dex+7}
  3939 | D:5      | Found a bloodstained altar of Trog.
  4035 | D:5      | Found an ancient bone altar of Kikubaaqudgha.
  4060 | D:5      | 4060 ||| UPGRADING to ring "Licimif" {rElec rF- EV+5 Int-3
                  | Dex+7}.
  4062 | D:5      | 4062 ||| UPGRADING to ring of ice.
  4064 | D:5      | 4064 ||| UPGRADING to ring of poison resistance.
  4066 | D:5      | 4066 ||| READING scroll labelled JEREICKA FOENT.
  4067 | D:5      | 4067 ||| DRINKING 3 grey potions.
  4068 | D:5      | 4068 ||| DROPPING 2 potions of brilliance.
  4114 | D:5      | 4114 ||| SWAPPING to +1 shortbow of draining.
  4115 | D:5      | 4115 ||| DROPPING +1 shortbow.
  4153 | D:6      | 4153 ||| INVOKING Heroism.
  4170 | D:6      | Reached skill level 3 in Invocations
  4170 | D:6      | Reached XP level 8. HP: 44/44 MP: 10/12
  4352 | D:6      | Reached skill level 12 in Ranged Weapons
  4360 | D:6      | 4360 ||| INVOKING Heroism.
  4478 | D:6      | Reached skill level 1 in Armour
  4582 | D:6      | Noticed Maggie
  4590 | D:6      | 4590 ||| UPGRADING to +0 cloak.
  4591 | D:6      | HP: 4/44 [Maggie/bolt of fire (19)]
  4595 | D:6      | 4595 ||| READING 2 scrolls of teleportation.
  4791 | D:6      | 4791 ||| INVOKING Heroism.
  4894 | D:6      | Reached skill level 3 in Fighting
  5369 | D:7      | 5369 ||| INVOKING Heroism.
  5399 | D:7      | Reached skill level 13 in Ranged Weapons
  5404 | D:7      | 5404 ||| INVOKING Heroism.
  5540 | D:7      | Reached XP level 9. HP: 50/50 MP: 14/14
  5563 | D:7      | Reached ** piety under Okawaru
  5583 | D:7      | Reached skill level 6 in Dodging
  5586 | D:7      | Found a hide-covered altar of Uskayaw.
  5625 | D:7      | Identified the +3 rapier of Awkwardness {antimagic, rElec
                  | Will+ Dex-4 Stlth+}
  5707 | D:7      | Reached skill level 14 in Ranged Weapons
  5868 | D:7      | 5868 ||| INVOKING Heroism.
  5997 | D:7      | 5997 ||| UPGRADING to +0 helmet.
  6002 | D:7      | 6002 ||| DROPPING amulet of guardian spirit.
  6031 | D:8      | Noticed a centaur warrior
  6035 | D:8      | Noticed a gargoyle
  6043 | D:8      | 6043 ||| INVOKING Heroism.
  6047 | D:8      | Killed a gargoyle
  6052 | D:8      | Shot with an arrow by a centaur warrior

Levels and vault maps discovered:
D:1:      dpeg_arrival_stone_temple_mockup, layout_loops_ring
D:2:      layout_loops_cross
D:3:      layout_basic, chequers_avenue
D:4:      cheibrodos_quashed, layout_rooms, dk_yredelemnul_ordeal
D:5:      layout_rooms, grunt_temple_overflow_order_and_chaos_2,
          lemuel_coloured_pillars_altar, mainiacjoe_overflow_alcove_4,
          mainiacjoe_overflow_24_doors, minmay_temple_entry_proselytizer,
          minmay_circle_x, uniq_blork_the_orc
D:6:      layout_cave_pods, uniq_maggie
D:7:      layout_rooms, nicolae_uskayaw_suspiria, serial_undead,
          serial_undead_b, serial_undead_d, serial_undead_f, serial_undead_c
D:8:      minmay_diamond_stairs, layout_loops_ring,
          mainiacjoe_overflow_cross_hatched, nicolae_shop_self_help
Temple:   nicolae_temple_bog_church

Skill      XL: |  1  2  3  4  5  6  7  8  9 |
---------------+----------------------------+-----
Ranged Weapons | 6 7 8 9 10 11 13 14 | 14.0
Fighting       | 2 3 4 |  4.5
Dodging        | 3 4 5 7 |  7.1
Invocations    | 3 4 |  4.1
Armour         | 1 |  1.2
Stealth        | |  1.2

Action                     |  1- 3 |  4- 6 |  7- 9 || total
---------------------------+-------+-------+-------++-------
   Fire: Shortbow          |    99 |   185 |   305 ||   589
 Invoke: Heroism           |       |       |     9 ||     9
    Use: Scroll            |     9 |     1 |     5 ||    15
         Potion            |       |     2 |     1 ||     3
 Armour: Leather armour    |     4 |       |       ||     4
         Ring mail         |       |    24 |    34 ||    58
  Dodge: Dodged            |    10 |    44 |   203 ||   257

Table legend:
 A = Non-vault XP
 B = Vault XP
 C = Vault XP percentage of total XP
 D = Non-vault monster count
 E = Vault monster count
 F = Vault count percentage of total count
                 A         B        C        D         E       F
            +---------+---------+-------+---------+---------+-------
      Total |    2640 |    1783 |  40.3 |     142 |      16 |  10.1
            +---------+---------+-------+---------+---------+-------
        D:1 |      45 |       0 |   0.0 |      27 |       0 |   0.0
        D:2 |      42 |       0 |   0.0 |      14 |       0 |   0.0
        D:3 |      67 |       0 |   0.0 |      19 |       0 |   0.0
        D:4 |     105 |     123 |  53.9 |      16 |       3 |  15.8
        D:5 |     365 |     468 |  56.2 |      11 |       6 |  35.3
        D:6 |    1061 |       0 |   0.0 |      30 |       0 |   0.0
        D:7 |     955 |     758 |  44.2 |      25 |       6 |  19.4
        D:8 |       0 |     434 | 100.0 |       0 |       1 | 100.0
            +---------+---------+-------+---------+---------+-------
